 Dungeon Crawl Stone Soup version 0.31.0-11-ge490571c62 (webtiles) character file.

Game seed: 9884174108110772677

81 Arcadio the Magician (level 4, -1/24 HPs)
             Began as a Deep Elf Earth Elementalist on Jan 31, 2024.
             Slain by Sigmund
             ... wielding a +1 scythe of venom
              (9 damage)
             ... on level 3 of the Dungeon.
             The game lasted 00:06:19 (2350 turns).

Arcadio the Magician (Deep Elf Earth Elementalist)  Turns: 2350, Time: 00:06:19

Health: -1/24      AC:  5    Str:  5    XL:     4   Next: 20%
Magic:  1/12       EV: 13    Int: 25    God:
Gold:   148        SH:  0    Dex: 15    Spells: 7/11 levels left

rFire   . . .        i - +1 dagger (vamp)
rCold   . . .        (no shield)
rNeg    . . .        a - +0 robe
rPois   .            j - +1 helmet {Int+3}
rElec   .            (no cloak)
rCorr   .            k - +0 pair of gloves
SInv    .            (no boots)
Will    .....        (no amulet)
Stlth   +            (no ring)
HPRegen 0.24/turn    (no ring)
MPRegen 0.13/turn

%: no passive effects
@: confused
A: no striking features
a: no special abilities


You were on level 3 of the Dungeon.
You visited 1 branch of the dungeon, and saw 3 of its levels.

You collected 148 gold pieces.

Inventory:

Hand Weapons
 h - a +0 short sword
 i - a +1 vampiric dagger (weapon)
Armour
 a - a +0 robe (worn)
 j - a +1 helmet of intelligence (worn)
 k - a +0 pair of gloves (worn)
Jewellery
 f - an amulet of faith
Scrolls
 c - a scroll of blinking {unknown}
 o - a scroll of teleportation {unknown}
Potions
 b - a potion of magic
 d - 2 potions of curing {unknown}
 e - 3 potions of mutation {unknown}
 g - 3 potions of attraction {unknown}
 l - 4 potions of heal wounds {unknown}
 m - a potion of enlightenment {unknown}
 n - a potion of degeneration {unknown}


   Skills:
 + Level 3.3 Dodging
 - Level 2.4 Stealth
 + Level 4.0 Spellcasting
 + Level 2.4 Conjurations
 + Level 4.0 Earth Magic


You had 7 spell levels left.
You knew the following spells:

 Your Spells              Type           Power      Damage    Failure   Level
a - Sandblast             Erth           50%        2d12      1%          1
b - Stone Arrow           Conj/Erth      42%        3d9       8%          3

Your spell library contained the following spells:

 Spells                   Type           Power      Damage    Failure   Level
 Passwall                 Erth           25%        N/A       5%          3
 Jinxbite                 Hex            10%        N/A       14%         2
 Scorch                   Fire           10%        2d5       14%         2
 Hailstorm                Conj/Ice       11%        3d6       17%         3
 Brom's Barrelling Bould  Conj/Erth      21%        2d4       24%         4
 Summon Ice Beast         Ice/Summ       5%         N/A       26%         3
 Petrify                  Alch/Erth      15%        N/A       36%         4
 Flame Wave               Conj/Fire      11%        2d6       50%         4
 Yara's Violent Unravell  Hex/Alch       2%         3d3       94%         5
 Sculpt Simulacrum        Ice/Alch       2%         N/A       100%        6
 Summon Cactus Giant      Summ           2%         N/A       100%        6
 Enfeeble                 Hex            2%         N/A       100%        7


Dungeon Overview and Level Annotations

Branches:
Dungeon (3/15)

Altars:

Annotations:
D:3 Sigmund


Message History

The stone arrow hits Sigmund!
Sigmund is moderately wounded.
Sigmund shouts!
Casting: Stone Arrow (quite dangerous; 8% risk of failure)
Confirm with . or Enter, or press ? or * to list all spells.
Aiming: Stone Arrow (quite dangerous; 8% risk of failure)
Press: ? - help, Shift-Dir - straight line, f/p - Sigmund
Aim: Sigmund, wielding a +1 scythe of venom and wearing a +0 robe (moderately wounded, 68% to hit)
You miscast Stone Arrow.
You are very lightly contaminated with residual magic.
Nothing appears to happen.
Sigmund casts a spell.
Sigmund flickers and vanishes!
Deactivating autopickup; reactivate with Ctrl-A.
Casting: Stone Arrow (quite dangerous; 8% risk of failure)
Confirm with . or Enter, or press ? or * to list all spells.
Okay, then.
Casting: Stone Arrow (quite dangerous; 8% risk of failure)
Confirm with . or Enter, or press ? or * to list all spells.
Aiming: Stone Arrow (quite dangerous; 8% risk of failure)
Press: ? - help, Shift-Dir - straight line The stone arrow hits something!
An endoplasm comes into view.
A puff of flame appears from out of thin air!
The puff of flame hits you.
Casting: Stone Arrow (quite dangerous; 8% risk of failure)
Confirm with . or Enter, or press ? or * to list all spells.
Aiming: Stone Arrow (quite dangerous; 8% risk of failure)
Press: ? - help, Shift-Dir - straight line You hear some strange, mumbled words.
You are confused.
You hear some strange, mumbled words.
A puff of flame appears from out of thin air!
The puff of flame hits you.
Your magical contamination has completely faded away.
You bump into the rock wall.
A magic dart appears from out of thin air!
The magic dart hits you!
You bump into the rock wall.
Something hits you!
You die...

#.#.##.#
#......#
######.####
..# #.# #J#
#.# #.# #.#
#.# #.#
.#####.####.#
........J{.@.#
.######.######
#.# ..# ####


You could see an endoplasm.

Vanquished Creatures
  2 adders
  A ribbon worm (D:2)
  3 orcs (D:3)
  7 ball pythons
  5 bats
  3 endoplasms
  6 giant cockroaches
  6 goblins
  7 hobgoblins
  6 kobolds
  A frilled lizard (D:2)
  5 rats
52 creatures vanquished.

Notes
Turn   | Place    | Note
-------+----------+-------------------------------------------
     0 | D:1      | Arcadio the Deep Elf Earth Elementalist began the quest for
                  | the Orb.
     0 | D:1      | Reached XP level 1. HP: 10/10 MP: 6/6
   284 | D:1      | Reached XP level 2. HP: 15/15 MP: 6/8
  1031 | D:2      | Reached XP level 3. HP: 8/19 MP: 5/10
  1806 | D:3      | Learned a level 3 spell: Stone Arrow
  2185 | D:3      | Reached XP level 4. HP: 24/24 MP: 7/11
  2337 | D:3      | Noticed Sigmund
  2350 | D:3      | Slain by Sigmund

Illustrated notes

Levels and vault maps discovered:
D:1:      minmay_arrival_three_doors, layout_basic, kennysheep_crisscross
D:2:      layout_basic, minmay_misc_feat_square
D:3:      layout_loops_corners, chequers_serial_rivers_room_b, uniq_sigmund

Skill      XL: |  1  2  3  4 |
---------------+-------------+-----
Dodging        | 3 |  3.3
Conjurations   | 2 |  2.4
Spellcasting   | 4 |  4.0
Earth Magic    | 4 |  4.0
Stealth        | |  2.4

Action                     |  1- 3 |  4- 6 || total
---------------------------+-------+-------++-------
  Melee: Short sword       |     5 |       ||     5
   Cast: Sandblast         |    66 |     5 ||    71
         Stone Arrow       |       |     3 ||     3
 Armour: Robe              |    19 |     5 ||    24
  Dodge: Dodged            |     9 |     1 ||    10
